 Dungeon Crawl Stone Soup version 0.22.1-6-g1668fe2 (webtiles) character file.

27 Truthflux the Conjurer (level 2, 0/20 HPs)
             Began as a Draconian Conjurer on Jan 28, 2019.
             Slain by an adder (4 damage)
             ... on level 2 of the Dungeon.
             The game lasted 00:05:18 (1116 turns).

Truthflux the Conjurer (Draconian Conjurer)         Turns: 1116, Time: 00:05:20

Health: 0/20       AC:  4    Str: 10    XL:     2   Next: 93%
Magic:  1/5        EV: 12    Int: 15    God:
Gold:   80         SH:  0    Dex: 11    Spells: 4/5 levels left

rFire    . . .     SeeInvis .   e - +0 dagger
rCold    . . .     Gourm    .   (no shield)
rNeg     . . .     Faith    .   (armour unavailable)
rPois    .         Spirit   .   (helmet restricted)
rElec    .         Reflect  .   (no cloak)
rCorr    .         Harm     .   (no gloves)
MR       .....                  (no boots)
Stlth    ++........             (no amulet)
HPRegen  0.06/turn              (no ring)
MPRegen  0.09/turn              (no ring)

@: lethally poisoned (0 -> -4), flying, very slightly contaminated
A: unfitting armour, big wings, wild magic 1, cold-blooded, AC +4
a: Fly


You were on level 2 of the Dungeon.
You were not hungry.

You visited 1 branch of the dungeon, and saw 2 of its levels.

You collected 80 gold pieces.

Inventory:

Hand Weapons
 c - a +0 short sword
 e - a +0 dagger (weapon)
Jewellery
 a - an uncursed ring of stealth {unknown}
Scrolls
 g - 2 scrolls of amnesia {unknown}
 h - a scroll of enchant weapon {unknown}
 i - a scroll of fear {unknown}
 j - a scroll of remove curse {unknown}
Potions
 l - a potion of ambrosia {unknown}
Comestibles
 b - 4 rations


   Skills:
 + Level 1.9 Dodging
 + Level 1.8 Stealth
 + Level 0.2 Unarmed Combat
 + Level 2.0 Spellcasting
 + Level 4.8 Conjurations


You had 4 spell levels left.
You knew the following spells:

 Your Spells              Type           Power        Failure   Level  Hunger
a - Magic Dart            Conj           ###.         5%          1    #......

Your spell library contained the following spells:

 Spells                   Type           Power        Failure   Level  Hunger
 Searing Ray              Conj           ###...       8%          2    ###....
 Dazzling Spray           Conj/Hex       ##....       32%         3    ###....
 Iskenderun's Mystic Bla  Conj           ###.....     38%         4    #####..
 Force Lance              Conj/Tloc      ##......     71%         4    #####..
 Fulminant Prism          Conj/Hex       ##........   71%         4    #####..


Dungeon Overview and Level Annotations

Branches:
Dungeon (2/15)

Altars:
Trog
Yredelemnul


Innate Abilities, Weirdness & Mutations

Your plain brown scales are hard. (AC +4)
You cannot fit into any form of body armour.
You are cold-blooded and may be slowed by cold attacks.
Your large and strong wings let you fly indefinitely.
Your spells are a little harder to cast, but a little more powerful.


Message History

You feel less in control of your magic.
Your wings grow larger and stronger.
* * * LOW HITPOINT WARNING * * *
You feel sick. The adder bites you but does no damage.
It was a potion of curing.
You feel better. The adder closely misses you.
The kobold hits you but does no damage.
Casting: Magic Dart (safe; 5% risk of failure)
Confirm with . or Enter, or press ? or * to list all spells.
You don't have enough magic to cast that spell.
The adder bites you.
You closely miss the adder.
Your tail-slap misses the adder.
The adder is severely wounded.
The adder bites you.
* * * LOW HITPOINT WARNING * * *
You are poisoned.
The adder poisons you! The adder closely misses you.
You closely miss the adder.
Your tail-slap misses the adder.
The adder is severely wounded.
* * * LOW HITPOINT WARNING * * *
You feel sick. The adder bites you.
You die...

......# ......##
†......# ......#
.....# .....#
.....# ###..# ###
#...##. #######@#
..####.# #....wS.#
...###.####....K?#
.........##w#.####
..##........#.###
#..#......###...#
............!##.
..............###
.................


You could see 2 worms, an adder and a kobold.

Vanquished Creatures
  An ooze (D:2)
  A dart slug (D:1)
  4 giant cockroaches
  2 hobgoblins (D:1)
  3 kobolds
  2 ball pythons
  4 bats
  A frilled lizard (D:1)
  2 rats
20 creatures vanquished.

Notes
Turn   | Place    | Note
-------+----------+-------------------------------------------
     0 | D:1      | Truthflux the Draconian Conjurer began the quest for the
                  | Orb.
     0 | D:1      | Reached XP level 1. HP: 14/14 MP: 3/3
     0 | D:1      | Found a basalt altar of Yredelemnul.
   133 | D:1      | Reached XP level 2. HP: 10/20 MP: 1/5
  1069 | D:2      | Found a bloodstained altar of Trog.
  1110 | D:2      | Gained mutation: Your spells are a little harder to cast,
                  | but a little more powerful. [potion of mutation]
  1110 | D:2      | Gained mutation: Your large and strong wings let you fly
                  | indefinitely. [potion of mutation]
  1110 | D:2      | HP: 1/20 [poisoned by an adder]
  1116 | D:2      | Slain by an adder

Action                   || total
-------------------------++-------
Melee: Unarmed           ||    34
       Tailslap          ||     8
       Dagger            ||    17
 Cast: Magic Dart        ||    33
  Use: Potion            ||     3
 Stab: Sleeping          ||     1
  Eat: Chunk             ||     1
Armor: Skin              ||    25
Dodge: Dodged            ||    58
